 Dungeon Crawl Stone Soup version 0.25.0-26-g0c896c7088 (webtiles) character file.

Game seed: 18388484864935680502

171542 Peloso the Hoplite (level 17, -1/154 HPs)
             Began as a Minotaur Fighter on July 5, 2020.
             Was the Champion of Okawaru.
             Killed from afar by a shock serpent (5 damage)
             ... with a bolt of electricity
             ... on level 3 of the Lair of Beasts.
             The game lasted 01:53:09 (35964 turns).

Peloso the Hoplite (Minotaur Fighter)              Turns: 35964, Time: 01:53:09

Health: -1/154     AC: 23    Str: 40    XL:     17   Next: 39%
Magic:  5/18       EV: 12    Int:  8    God:    Okawaru [******]
Gold:   2041       SH: 23    Dex: 13    Spells: 16/16 levels left

rFire    + + .     SeeInvis +   a - +5 falchion of Dismay {freeze, Str+6}
rCold    + + .     Gourm    .   c - +0 kite shield
rNeg     + . .     Faith    .   u - +4 plate armour {MR+}
rPois    .         Spirit   .   d - +2 hat "Zegatual" {rF+ Int+3 SInv}
rElec    .         Reflect  +   y - scarf {rC+ rF+}
rCorr    .         Harm     .   X - +0 pair of gloves {Str+3}
MR       +++..                  (no boots)
Stlth    ..........             k - amulet of reflection
HPRegen  0.35/turn              s - ring of Taotylib {rC+ rN+ MR+}
MPRegen  0.16/turn              I - +6 ring of strength

@: heavily drained
A: retaliatory headbutt, horns 2
a: Heroism, Finesse, Renounce Religion


You were on level 3 of the Lair of Beasts.
You worshipped Okawaru.
Okawaru was exalted by your worship.
You were near starving.

You visited 7 branches of the dungeon, and saw 28 of its levels.
You visited 1 bazaar.
You also visited: Ossuary, Gauntlet, Ice Cave and Volcano.

You collected 2486 gold pieces.
You spent 445 gold pieces at shops.

Inventory:

Hand Weapons
 a - the +5 falchion of Dismay (weapon) {freeze, Str+6}
   (You found it on level 10 of the Dungeon)

   It has been specially enchanted to freeze those struck by it, causing extra
   injury to most foes and up to half again as much damage against particularly
   susceptible opponents.
   It can also slow down cold-blooded creatures.
   It affects your strength (+6).
 t - a +0 hand axe of flaming
 W - the +4 long sword of Gallantry {freeze, *Slow rPois Int+3 Dex+9}
   (You bought it in a shop on level 2 of the Orcish Mines)

   It has been specially enchanted to freeze those struck by it, causing extra
   injury to most foes and up to half again as much damage against particularly
   susceptible opponents.
   It can also slow down cold-blooded creatures.
   It affects your intelligence (+3).
   It affects your dexterity (+9).
   It protects you from poison.
   It may slow you when you take damage.
Armour
 c - a +0 kite shield (worn)
 d - the +2 hat "Zegatual" (worn) {rF+ Int+3 SInv}
   (Okawaru gifted it to you on level 10 of the Dungeon)

   It affects your intelligence (+3).
   It protects you from fire.
   It lets you see invisible.
 m - a +0 cloak
 u - a +4 plate armour of magic resistance (worn)
 y - a scarf of resistance (worn)
 X - a +0 pair of gloves of strength (worn)
Jewellery
 k - an amulet of reflection (around neck)
 q - an uncursed ring of resist corrosion
 s - the ring of Taotylib (left hand) {rC+ rN+ MR+}
   (You found it on level 6 of the Lair of Beasts)

   [ring of protection from magic]

   It protects you from cold.
   It protects you from negative energy.
   It affects your resistance to hostile enchantments.
 H - an uncursed ring of see invisible
 I - a +6 ring of strength (right hand)
Wands
 g - a wand of enslavement (7)
 r - a wand of paralysis (9)
 B - a wand of polymorph (8)
Scrolls
 e - 2 scrolls of fear
 j - 7 scrolls of teleportation
 l - 9 scrolls of remove curse
 p - 2 scrolls of identify
 A - 2 scrolls of brand weapon
 K - 3 scrolls of noise
Potions
 h - 3 potions of invisibility
 i - a potion of stabbing
 n - 6 potions of curing
 v - 8 potions of might
 w - 2 potions of berserk rage
 M - 3 potions of haste
 P - 2 potions of flight
 S - a potion of resistance
Comestibles
 f - 46 rations


   Skills:
 + Level 14.6(12.7) Fighting
 + Level 17.1(15.1) Long Blades
 + Level 3.4(2.6) Axes
   Level 3.3(2.6) Maces & Flails
 + Level 15.3(13.4) Armour
 + Level 6.5(5.0) Dodging
 + Level 2.0(0.6) Stealth
 + Level 22.1(19.9) Shields
 + Level 3.6(2.1) Invocations
 + Level 1.9(0.6) Evocations


You had 16 spell levels left.
You didn't know any spells.
Your spell library contained the following spells:

 Spells                   Type           Power        Failure   Level  Hunger
 Apportation              Tloc           #.....       86%         1    ##.....
 Magic Dart               Conj           #...         86%         1    ##.....
 Sandblast                Erth           #.....       86%         1    ##.....
 Sting                    Tmut/Pois      #...         86%         1    ##.....
 Summon Butterflies       Summ           #.......     86%         1    ##.....
 Blink                    Tloc           N/A          95%         2    ###....
 Call Imp                 Summ           #.......     95%         2    ###....
 Passwall                 Tmut/Erth      #.......     95%         2    ###....
 Poisonous Vapours        Pois/Air       #.....       95%         2    ###....
 Shroud of Golubria       Chrm/Tloc      #.....       95%         2    ###....
 Slow                     Hex            #.......     95%         2    ###....
 Confusing Touch          Hex            #.......     99%         3    ####...
 Conjure Flame            Conj/Fire      #.......     99%         3    ####...
 Gell's Gravitas          Tloc           #.........   99%         3    ####...
 Ignite Poison            Fire/Tmut/Pois #.......     99%         3    ####...
 Lesser Beckoning         Tloc           #.........   99%         3    ####...
 Mephitic Cloud           Conj/Pois/Air  #.......     99%         3    ####...
 Recall                   Summ/Tloc      N/A          99%         3    ####...
 Stone Arrow              Conj/Erth      #.....       99%         3    ####...
 Summon Guardian Golem    Hex/Summ       #.......     99%         3    ####...
 Teleport Other           Tloc           #.......     99%         3    ####...
 Tukima's Dance           Hex            #.......     99%         3    ####...
 Ice Form                 Ice/Tmut       #.......     100%        4    #####..
 Olgreb's Toxic Radiance  Pois           #.......     100%        4    #####..
 Passage of Golubria      Tloc           N/A          100%        4    #####..
 Petrify                  Tmut/Erth      #.......     100%        4    #####..
 Alistair's Intoxication  Tmut/Pois      #.......     100%        5    ######.
 Aura of Abjuration       Summ           #.........   100%        5    ######.
 Bolt of Magma            Conj/Fire/Erth #.........   100%        5    ######.
 Iskenderun's Battlesphe  Conj/Chrm      #.......     100%        5    ######.
 Lee's Rapid Deconstruct  Erth           #.........   100%        5    ######.
 Metabolic Englaciation   Hex/Ice        #.........   100%        5    ######.
 Summon Demon             Summ           #.........   100%        5    ######.
 Summon Forest            Summ/Tloc      #.........   100%        5    ######.
 Summon Mana Viper        Hex/Summ       #.......     100%        5    ######.
 Yara's Violent Unravell  Hex/Tmut       #.........   100%        5    ######.
 Freezing Cloud           Conj/Ice/Air   #.........   100%        6    #######
 Invisibility             Hex            #.......     100%        6    #######
 Iron Shot                Conj/Erth      #.........   100%        6    #######
 Ozocubu's Refrigeration  Ice            #.........   100%        6    #######
 Shadow Creatures         Summ           N/A          100%        6    #######
 Simulacrum               Ice/Necr       #.........   100%        6    #######
 Orb of Destruction       Conj           #.........   100%        7    #######
 Spellforged Servitor     Conj/Summ      #.........   100%        7    #######


Dungeon Overview and Level Annotations

Branches:
Dungeon (12/15)            Temple (1/1) D:4            Lair (6/6) D:9
  Swamp (3/4) Lair:3        Snake (1/4) Lair:3        Slime (0/5) Lair:6
    Orc (2/2) D:11            Elf (3/3) Orc:2       Ossuary (visited)
  IceCv (visited)         Volcano (visited)         Gauntlet (visited)

Altars:
Ashenzari
Cheibriados
Dithmenos
Elyvilon
Fedhas
Gozag
Hepliaklqana
Kikubaaqudgha
Makhleb
Nemelex Xobeh
Okawaru
Qazlal
Ru
Sif Muna
Trog
Uskayaw
Vehumet
Wu Jian
Xom
Yredelemnul
Zin
The Shining One
Beogh

Shops:
D:4 [   D:9 }   Orc:2 :(?(

Annotations:
Swamp:3 2 transporters
Elf:1 1 runed translucent door, Hiliwumm's ghost, veteran MiGl
Elf:2 3 runed translucent doors


Innate Abilities, Weirdness & Mutations

You reflexively headbutt those who attack you in melee.
You have a pair of horns on your head.


Message History

Your headbutt misses the black mamba.
The black mamba is almost dead.
The black mamba bites you. You block the naga's attack. x2
The shock serpent shoots out a bolt of lightning at you!
The bolt of electricity hits you!!
* * * LOW HITPOINT WARNING * * *
The bolt of electricity hits you!!
* * * LOW HITPOINT WARNING * * *
You slash the black mamba!
The black mamba seems to slow down.
You freeze the black mamba.
You kill the black mamba!
Okawaru accepts your kill. You block the mana viper's attack.
Unknown command.
You feel better.
The shock serpent shoots out a bolt of lightning at you!
The bolt of electricity hits you!
* * * LOW HITPOINT WARNING * * *
The bolt of electricity hits you.
You die...

#.## #...## ###P..#. #..#
#....# ###.<..... #..# #...##
###....#P#.# #.### #..##
###PP....##### ###...###
#..P###.......## #P
#.......###....#.....#.## #.
##................P##### ##
#.##P##......P..#### #
########PP#.S@N.####### # ###
#####.†S...##..## # #.##
#######P...P#...P### #
###..###.P.###..#.......P.# #
#....##........####P.##...###
##.....#...##P..#
##.#......###
#.....#...####.##
######.####.
##.........##...## ###
#.####. #.#.......####...#
###.####^..#..


You could see a shock serpent, a mana viper and a naga.

Vanquished Creatures
  Bai Suzhen (Swamp:3)
  Nikola (Swamp:2)
  Frances (Swamp:1)
  2 thorn hunters (Swamp:1)
  Agnes (Elf:1)
  Louise (Swamp:2)
  An orc warlord (Orc:1)
  Aizul (Swamp:1)
  A very ugly thing (Swamp:2)
  Nessos (Lair:4)
  2 entropy weavers (Lair:5)
  A deep elf demonologist (Elf:1)
  A minotaur (Gauntlet)
  A deep elf annihilator (Elf:3)
  2 deep elf death magi (Elf:1)
  Snorg (Lair:6)
  A fire dragon (Volcano)
  6 hydras
  Fannar (D:12)
  A shambling mangrove (Swamp:1)
  An anaconda (Snake:1)
  3 catoblepae (Lair:6)
  A queen ant (Lair:5)
  8 two-headed ogres
  12 alligators
  A death scarab (Gauntlet)
  7 death yaks
  2 ogre magi
  13 dancing weapons
  An orc high priest (Orc:1)
  12 deep elf knights
  Sonja (Lair:4)
  A fire crab (Gauntlet)
  3 unseen horrors
  A wizard (Gauntlet)
  4 swamp dragons (Swamp:2)
  A spectral hydra (Gauntlet)
  A necromancer (IceCv)
  21 deep elf archers
  A lindwurm (Volcano)
  3 manticores
  3 orc knights (Orc:1)
  63 deep elf magi
  9 orc sorcerers (Orc:2)
  A cyclops (Orc:2)
  12 elephants
  An ice statue (IceCv)
  6 black mambas
  2 gargoyles
  15 spiny frogs
  A centaur skeleton (D:11)
  A naga mage (Snake:1)
  A torpor snail (Lair:4)
  3 komodo dragons
  10 freezing wraiths (IceCv)
  A kobold demonologist (D:5)
  4 rime drakes
  2 polar bears (Lair:4)
  7 trolls
  5 tyrant leeches (Swamp:2)
  3 hornets
  5 bog bodies
  4 blink frogs (Lair:5)
  2 hippogriffs (shapeshifter) (Gauntlet)
  5 hippogriffs
  A spriggan (Lair:4)
  Sigmund (D:2)
  An air elemental (Elf:2)
  7 basilisks
  2 water elementals
  3 wyverns
  51 yaks
  A fire elemental (Elf:2)
  4 fire bats (Gauntlet)
  A golden eye (shapeshifter) (Elf:1)
  2 steam dragons (Volcano)
  3 hungry ghosts
  4 vampire mosquitoes (Swamp:2)
  Menkaure (D:4)
  8 swamp worms
  2 wargs (Orc:2)
  4 insubstantial wisps (Swamp:2)
  14 soldier ants (Lair:5)
  16 water moccasins
  2 hell hounds (Volcano)
  10 porcupines
  3 sky beasts
  22 orc warriors
  An alligator simulacrum (IceCv)
  A swamp drake (Swamp:1)
  A black bear (D:9)
  9 ice beasts
  15 wolves
  11 ogres
  14 centaurs
  12 crocodiles
  3 big kobolds
  20 bullfrogs
  5 scorpions
  A wyvern skeleton (D:8)
  15 killer bees
  6 wights
  4 howler monkeys
  3 electric eels
  6 crimson imps
  6 draconian simulacra (IceCv)
  A quasit (D:4)
  10 jellies
  3 centaur zombies
  2 hounds
  4 bullfrog skeletons
  19 orc priests
  4 human zombies (Ossuary)
  Terence (D:2)
  4 iguanas
  35 orc wizards
  2 polar bear simulacra (IceCv)
  26 worker ants
  2 troll simulacra (IceCv)
  A big kobold zombie (Ossuary)
  A spriggan simulacrum (IceCv)
  A wolf simulacrum (IceCv)
  4 centaur simulacra (IceCv)
  3 hound zombies
  3 hound skeletons
  2 mummies (Ossuary)
  Robin (D:2)
  7 gnolls
  16 adders
  3 naga simulacra (IceCv)
  4 ogre simulacra (IceCv)
  3 shadow imps
  15 white imps
  3 oozes
  2 adder skeletons
  3 worms
  4 dart slugs
  4 leopard geckos
  115 orcs
  7 giant cockroaches
  A gnoll zombie (D:7)
  21 goblins
  12 hobgoblins
  13 jackals
  7 quokkas
  4 ball pythons
  A ball python zombie (D:5)
  2 bats (D:1)
  7 frilled lizards
  A goblin zombie (Ossuary)
  11 hobgoblin zombies (Ossuary)
  18 kobolds
  6 kobold zombies (Ossuary)
  9 orc zombies (Ossuary)
  5 rats
  3 rat zombies (Ossuary)
  5 plants (Lair:4)
1029 creatures vanquished.

Vanquished Creatures (others)
  A death yak (Lair:6)
  A deep elf knight (Elf:2)
  2 deep elf magi
  3 orc wizards (Orc:2)
  An orc (Orc:2)
  A kobold (D:3)
  8 fungi
  5 plants
  4 toadstools (Swamp:1)
  11 withered plants (Gauntlet)
37 creatures vanquished.

Grand Total: 1066 creatures vanquished

Notes
Turn   | Place    | Note
-------+----------+-------------------------------------------
     0 | D:1      | Peloso the Minotaur Fighter began the quest for the Orb.
     0 | D:1      | Reached XP level 1. HP: 19/19 MP: 0/0
   297 | D:1      | Reached XP level 2. HP: 27/27 MP: 1/1
   559 | D:1      | Reached XP level 3. HP: 32/33 MP: 2/2
   841 | D:2      | Reached skill level 4 in Shields
   882 | D:2      | Reached XP level 4. HP: 40/41 MP: 3/3
   900 | D:2      | Noticed Robin
   919 | D:2      | Killed Robin
  1502 | D:2      | Noticed Terence
  1503 | D:2      | Noticed Sigmund
  1512 | D:2      | Killed Sigmund
  1512 | D:2      | Reached skill level 5 in Armour
  1512 | D:2      | Reached skill level 5 in Shields
  1512 | D:2      | Reached XP level 5. HP: 42/47 MP: 4/4
  1512 | D:2      | Reached XP level 6. HP: 50/55 MP: 5/5
  1515 | D:2      | Killed Terence
  1664 | D:2      | Found a shattered altar of Ashenzari.
  1665 | D:2      | Found a shimmering blue altar of Sif Muna.
  1669 | D:2      | Reached skill level 1 in Dodging
  1832 | D:3      | Found a snail-covered altar of Cheibriados.
  1921 | D:3      | Reached skill level 5 in Long Blades
  2046 | D:3      | Found a sacrificial altar of Ru.
  2666 | D:4      | Found a transporter.
  2671 | D:4      | Found a transporter.
  2675 | D:4      | Noticed a hungry ghost
  2704 | D:4      | Reached XP level 7. HP: 39/60 MP: 6/6
  2714 | D:4      | Found a basalt altar of Yredelemnul.
  2718 | D:4      | Noticed Menkaure
  2726 | D:4      | Found an ancient bone altar of Kikubaaqudgha.
  2934 | D:4      | Found Qessocia's Antique Armour Boutique.
  2969 | D:4      | Reached skill level 5 in Fighting
  2969 | D:4      | Reached skill level 6 in Shields
  3266 | D:4      | Found a staircase to the Ecumenical Temple.
  3376 | Temple   | Entered the Ecumenical Temple
  3417 | Temple   | Became a worshipper of Warmaster Okawaru
  3478 | D:5      | Entered Level 5 of the Dungeon
  3489 | D:5      | Found a transporter.
  3505 | D:5      | Noticed a kobold demonologist
  3630 | D:5      | Reached XP level 8. HP: 26/68 MP: 7/7
  3877 | D:5      | Found a transporter.
  4142 | D:5      | Found a blossoming altar of Fedhas.
  4357 | D:6      | Reached * piety under Okawaru
  4388 | D:6      | Reached skill level 7 in Shields
  4656 | D:6      | Reached skill level 8 in Shields
  4728 | D:6      | Killed an unseen horror
  4728 | D:6      | Reached ** piety under Okawaru
  4728 | D:6      | Reached XP level 9. HP: 20/75 MP: 4/8
  5302 | D:6      | Reached skill level 1 in Invocations
  5551 | D:6      | Found a shimmering altar of Xom.
  5839 | D:7      | Reached skill level 9 in Shields
  5863 | D:7      | Reached *** piety under Okawaru
  5894 | D:7      | Found a sand-covered staircase.
  5913 | Ossuary  | Entered an ossuary
  6346 | D:7      | Reached XP level 10. HP: 68/84 MP: 9/9
  6388 | D:7      | Reached skill level 10 in Shields
  6846 | D:7      | Reached **** piety under Okawaru
  7226 | D:4      | Reached skill level 10 in Long Blades
  7285 | D:4      | Killed Menkaure
  7454 | D:5      | Reached skill level 5 in Dodging
  7862 | D:8      | Reached skill level 11 in Shields
  7973 | D:8      | Found a stormy altar of Qazlal.
  8162 | D:9      | Found Toeriuw's Gadget Boutique.
  8198 | D:9      | Noticed a two-headed ogre
  8215 | D:9      | Killed a two-headed ogre
  8215 | D:9      | Reached ***** piety under Okawaru
  8438 | D:9      | Found a staircase to the Lair.
  8521 | D:9      | Reached XP level 11. HP: 89/92 MP: 11/11
  8687 | D:9      | Found a blossoming altar of Fedhas.
  8816 | D:9      | Found a glowing silver altar of Zin.
  8941 | D:10     | Entered Level 10 of the Dungeon
  8983 | D:10     | Found a shattered altar of Ashenzari.
  9025 | D:10     | Reached skill level 12 in Shields
  9407 | D:10     | Received a gift from Okawaru
  9410 | D:10     | Got a smoking hat {god gift}
  9416 | D:10     | Identified the +2 hat "Zegatual" {rF+ Int+3 SInv} (Okawaru
                  | gifted it to you on level 10 of the Dungeon)
  9655 | D:10     | Noticed an eight-headed hydra
  9660 | D:10     | Got a translucent falchion
  9669 | D:10     | Identified the +5 falchion of Dismay {freeze, Str+6} (You
                  | found it on level 10 of the Dungeon)
 10150 | D:10     | Reached skill level 10 in Armour
 10175 | D:11     | Noticed an unseen horror
 10180 | D:11     | Killed an unseen horror
 10180 | D:11     | Reached skill level 13 in Shields
 10305 | D:11     | Found a staircase to the Orcish Mines.
 10763 | D:11     | Noticed an ogre mage
 10763 | D:11     | Noticed a two-headed ogre
 10763 | D:11     | Noticed a two-headed ogre
 10763 | D:11     | Noticed a two-headed ogre
 10768 | D:11     | Noticed a two-headed ogre
 10773 | D:11     | Killed a two-headed ogre
 10777 | D:11     | Killed a two-headed ogre
 10781 | D:11     | Killed an ogre mage
 10786 | D:11     | Killed a two-headed ogre
 10786 | D:11     | Reached skill level 1 in Stealth
 10789 | D:11     | Killed a two-headed ogre
 10789 | D:11     | Received a gift from Okawaru
 10789 | D:11     | Reached skill level 14 in Shields
 10789 | D:11     | Reached XP level 12. HP: 94/102 MP: 12/12
 11292 | D:12     | Noticed Fannar
 11306 | D:12     | Killed Fannar
 11544 | D:12     | Noticed a two-headed ogre
 11552 | D:12     | Killed a two-headed ogre
 12825 | D:10     | Killed an eight-headed hydra
 12825 | D:10     | Reached skill level 1 in Maces & Flails
 13357 | Lair:1   | Entered Level 1 of the Lair of Beasts
 13914 | Lair:1   | Reached ****** piety under Okawaru
 14164 | Lair:1   | Received a gift from Okawaru
 14164 | Lair:1   | Reached skill level 15 in Shields
 14164 | Lair:1   | Reached skill level 1 in Evocations
 14169 | Lair:1   | Got a warped hat {god gift}
 14180 | Lair:1   | Identified the +1 hat "Omoot" {Dex+3} (Okawaru gifted it to
                  | you on level 1 of the Lair of Beasts)
 14562 | Lair:2   | Noticed a five-headed hydra
 14575 | Lair:2   | Killed a five-headed hydra
 14682 | Lair:2   | You fall into a shaft and drop 1 floor!
 14720 | Lair:3   | Found a frozen archway.
 14790 | Lair:3   | Found a dark tunnel.
 14795 | Volcano  | Entered a volcano
 14833 | Volcano  | Reached XP level 13. HP: 112/112 MP: 13/13
 14879 | Volcano  | Noticed a fire dragon
 14899 | Volcano  | Killed a fire dragon
 15084 | IceCv    | Entered an ice cave
 15752 | IceCv    | Found an ancient bone altar of Kikubaaqudgha.
 16115 | IceCv    | Reached skill level 16 in Shields
 16428 | Lair:3   | Received a gift from Okawaru
 16466 | Lair:3   | You fall into a shaft and drop 1 floor!
 16615 | Lair:4   | Reached skill level 10 in Fighting
 16924 | Lair:4   | Noticed Nessos
 16929 | Lair:4   | Killed Nessos
 17255 | Lair:4   | Noticed Sonja
 17262 | Lair:4   | Killed Sonja
 17528 | Lair:4   | Got a buzzing scale mail
 17539 | Lair:4   | Identified the cursed +0 scale mail "Saguocwi" {rPois} (You
                  | found it on level 4 of the Lair of Beasts)
 18036 | Lair:3   | Found a staircase to the Snake Pit.
 18140 | Lair:3   | Found a staircase to the Swamp.
 19064 | Orc:1    | Entered Level 1 of the Orcish Mines
 19243 | Orc:2    | Entered Level 2 of the Orcish Mines
 19243 | Orc:2    | Found a gate leading to a gauntlet.
 19243 | Orc:2    | Found a staircase to the Elven Halls.
 19250 | Gauntlet | Entered a Gauntlet
 19250 | Gauntlet | Found a transporter.
 19250 | Gauntlet | Found a transporter.
 19257 | Gauntlet | Found a transporter.
 19267 | Gauntlet | Found a transporter.
 19269 | Gauntlet | Found a large runed translucent door.
 19270 | Gauntlet | Found a large runed translucent door.
 19271 | Gauntlet | Found a large runed translucent door.
 19271 | Gauntlet | Found a large runed translucent door.
 19271 | Gauntlet | Found a runed translucent door.
 19271 | Gauntlet | Found a runed translucent door.
 19272 | Gauntlet | Found a large runed translucent door.
 19273 | Gauntlet | Found a large runed translucent door.
 19273 | Gauntlet | Found a large runed translucent door.
 19273 | Gauntlet | Found a large runed translucent door.
 19274 | Gauntlet | Found a large runed translucent door.
 19275 | Gauntlet | Found a large runed translucent door.
 19276 | Gauntlet | Found a large runed translucent door.
 19276 | Gauntlet | Found a large runed translucent door.
 19276 | Gauntlet | Found a transporter.
 19277 | Gauntlet | Found a large runed translucent door.
 19277 | Gauntlet | Found a large runed translucent door.
 19277 | Gauntlet | Found a large runed translucent door.
 19277 | Gauntlet | Found a large runed translucent door.
 19280 | Gauntlet | Found a runed translucent gate.
 19280 | Gauntlet | Found a runed translucent gate.
 19280 | Gauntlet | Found a runed translucent gate.
 19282 | Gauntlet | Found a transporter.
 19283 | Gauntlet | Found a transporter.
 19289 | Gauntlet | Found a transporter.
 19291 | Gauntlet | Found a transporter.
 19419 | Gauntlet | Found a transporter.
 19423 | Gauntlet | Found a transporter.
 19441 | Gauntlet | Found a transporter.
 19499 | Gauntlet | Reached skill level 17 in Shields
 19561 | Gauntlet | Reached XP level 14. HP: 122/122 MP: 11/14
 20257 | Orc:2    | Paralysed by an orc sorcerer for 2 turns
 20262 | Orc:2    | Received a gift from Okawaru
 20981 | Orc:2    | Found a radiant altar of Vehumet.
 20989 | Orc:2    | Found Abbac's Antique Weapon Shop.
 21024 | Orc:2    | Found an ancient bone altar of Kikubaaqudgha.
 21024 | Orc:2    | Paralysed by an orc sorcerer for 4 turns
 21403 | Orc:2    | Found a roughly hewn altar of Beogh.
 21403 | Orc:2    | Found Sietek's Magic Scroll Shop.
 21417 | Orc:2    | Paralysed by an orc sorcerer for 5 turns
 21501 | Orc:2    | Found Wanegiun's Antique Weapon Boutique.
 21601 | Orc:2    | Found Giturian's Book Boutique.
 21604 | Orc:2    | Bought a scroll of magic mapping for 42 gold pieces
 21604 | Orc:2    | Bought a scroll of blinking for 90 gold pieces
 21604 | Orc:2    | Bought a scroll of identify for 24 gold pieces
 21627 | Orc:2    | Bought an iridescent long sword for 289 gold pieces
 21628 | Orc:2    | Identified the +4 long sword of Gallantry {freeze, *Slow
                  | rPois Int+3 Dex+9} (You bought it in a shop on level 2 of
                  | the Orcish Mines)
 21742 | Orc:1    | Noticed an orc warlord
 21869 | Orc:1    | Killed an orc warlord
 21869 | Orc:1    | Reached skill level 15 in Long Blades
 22138 | Orc:1    | Reached skill level 18 in Shields
 22899 | Lair:5   | Received a gift from Okawaru
 23111 | Lair:5   | Noticed an entropy weaver
 23121 | Lair:5   | Noticed an entropy weaver
 23157 | Lair:5   | Killed an entropy weaver
 23243 | Lair:5   | Killed an entropy weaver
 24519 | Lair:6   | Entered Level 6 of the Lair of Beasts
 24687 | Lair:6   | Noticed Snorg
 24698 | Lair:6   | Killed Snorg
 24904 | Lair:6   | Reached XP level 15. HP: 126/132 MP: 16/16
 24970 | Lair:6   | Found a staircase to the Slime Pits.
 25036 | Lair:6   | Got a bound turquoise ring
 25038 | Lair:6   | Identified the ring of Taotylib {rC+ rN+ MR+} (You found it
                  | on level 6 of the Lair of Beasts)
 25127 | Lair:6   | Reached skill level 19 in Shields
 25447 | Lair:6   | Received a gift from Okawaru
 25548 | Lair:6   | Got a translucent scimitar {god gift}
 25549 | Lair:6   | Identified the +5 scimitar of Dogma {antimagic, rPois
                  | Stlth+} (Okawaru gifted it to you on level 6 of the Lair of
                  | Beasts)
 26385 | Swamp:1  | Entered Level 1 of the Swamp
 26417 | Swamp:1  | Noticed Aizul
 26432 | Swamp:1  | Killed Aizul
 26732 | Swamp:1  | Noticed a thorn hunter
 26746 | Swamp:1  | Killed a thorn hunter
 26791 | Swamp:1  | Noticed Frances
 26803 | Swamp:1  | Killed Frances
 26930 | Swamp:1  | Received a gift from Okawaru
 27279 | Swamp:1  | Noticed a thorn hunter
 27291 | Swamp:1  | Killed a thorn hunter
 27756 | Swamp:2  | Noticed Louise
 27788 | Swamp:2  | Killed Louise
 27989 | Swamp:2  | Reached skill level 20 in Shields
 28919 | Swamp:2  | Noticed Nikola
 28920 | Swamp:2  | You fall into a shaft and drop 1 floor!
 28933 | Swamp:3  | Noticed Bai Suzhen
 28958 | Swamp:3  | Killed Bai Suzhen
 28958 | Swamp:3  | Received a gift from Okawaru
 28958 | Swamp:3  | Reached skill level 1 in Axes
 28958 | Swamp:3  | Reached XP level 16. HP: 144/144 MP: 15/17
 29050 | Swamp:3  | Found a transporter.
 29082 | Swamp:3  | Found a transporter.
 29119 | Swamp:3  | Got a smoking tin ring
 29127 | Swamp:3  | Identified the ring of Makhleb's Grace {Ice *Contam Int+2
                  | Dex+4 Stlth+} (You found it on level 3 of the Swamp)
 29785 | Swamp:2  | Killed Nikola
 30607 | Elf:1    | Entered Level 1 of the Elven Halls
 30612 | Elf:1    | Noticed Agnes
 30625 | Elf:1    | Killed Agnes
 30766 | Elf:1    | HP: 5/144 [deep elf knight/+0 long sword (8)]
 30838 | Elf:1    | Found a flickering gateway to a bazaar.
 30843 | Bazaar   | Entered a bazaar
 30848 | Bazaar   | Found Reidaxte's Jewellery Shop.
 31129 | Bazaar   | Found Doorawn's Antique Armour Shop.
 31569 | Elf:1    | Reached skill level 21 in Shields
 32027 | Elf:1    | Received a gift from Okawaru
 32030 | Elf:1    | Got a polished chain mail {god gift}
 32194 | Elf:1    | Identified the +0 chain mail "Kuech" {rPois SInv} (Okawaru
                  | gifted it to you on level 1 of the Elven Halls)
 32866 | Elf:1    | Identified Asmodeus's Tome of Creative Attacks
 32897 | Elf:1    | Found a runed translucent door.
 32906 | Elf:1    | Noticed Hiliwumm's ghost (veteran MiGl)
 33707 | Elf:1    | Reached skill level 15 in Armour
 34074 | Elf:1    | Received a gift from Okawaru
 34074 | Elf:1    | Reached XP level 17. HP: 154/154 MP: 18/18
 34825 | Elf:2    | Reached skill level 22 in Shields
 35060 | Elf:2    | Found a runed translucent gate.
 35060 | Elf:2    | Found a runed translucent gate.
 35060 | Elf:2    | Found a runed translucent gate.
 35348 | Elf:3    | Entered Level 3 of the Elven Halls
 35362 | Elf:3    | Noticed a deep elf master archer
 35368 | Elf:3    | Noticed a deep elf master archer
 35373 | Elf:3    | Noticed a Hell Sentinel
 35378 | Elf:3    | Noticed a Brimstone Fiend
 35395 | Elf:3    | Got an ancient tin amulet
 35397 | Elf:3    | Got a heavily runed marble ring
 35598 | Elf:2    | Identified the amulet of Zidimuyt {RegenMP *Drain +Inv rF-
                  | Dex+6} (You found it on level 3 of the Elven Halls)
 35600 | Elf:2    | Identified the ring of Curiosity {rF+ Stlth+} (You found it
                  | on level 3 of the Elven Halls)
 35938 | Snake:1  | Entered Level 1 of the Snake Pit
 35962 | Lair:3   | HP: 3/154 [shock serpent/bolt of electricity (32)]
 35964 | Lair:3   | Killed from afar by a shock serpent

Illustrated notes

Levels and vault maps discovered:
D:1:      saegor_arrival_simple_c, layout_loops_cross, minmay_close_crescents
D:2:      layout_loops_ring, chequers_temple_overflow_statue_of_worship,
          uniq_terence, uniq_sigmund, uniq_robin
D:3:      layout_basic, old_standard_altar, lemuel_crystal_altar,
          minmay_strange_pillars
D:4:      layout_cave_pools, gammafunk_temple_of_torment,
          minmay_temple_entry_nine_rooms, serial_shops, nicolae_shop_crystal
D:5:      gammafunk_wand_slinger, layout_cave_pools, first_ration,
          fedhas_altar_3
D:6:      minmay_chambers_of_sixes, layout_cave_pods, basic_altar
D:7:      layout_loops_corners, enter_ossuary_3, minivault_24
D:8:      layout_cave_pools, lemuel_doored_altar
D:9:      layout_rooms, zin_scriptorium, due_lair_maze_entry_diamond,
          basic_altar, serial_shops, shop_fountains
D:10:     layout_gridville, basic_altar
D:11:     layout_roguey, blue_anna_alchemist [blue_anna_fruit_fields,
          blue_anna_fruit_fields]
D:12:     layout_stronghold, uniq_fannar
Temple:   nicolae_temple_god_jail
Lair:1:   layout_gridlike, serial_bayou_shore_a, grunt_megastairs_2
Lair:2:   layout_cave_shapes
Lair:3:   layout_roguey, swamp_mist_pool, minmay_snake_entry_six_corridors,
          portal_ice_cave_rime, nicolae_volcano_entry_s_turn
Lair:4:   layout_regular_city, wad_woods_03, grunt_megastairs_4, uniq_nessos,
          uniq_urug, uniq_sonja
Lair:5:   layout_cave_pods, zaba_antful_of_joy, grunt_megastairs_5
Lair:6:   evilmike_catoblepas_cave, layout_small_grid,
          nicolae_slime_entry_slimehenge, minivault_11, lemuel_fruit_fields,
          uniq_snorg
Swamp:1:  cheibrodos_swamp_tower_of_moss, layout_basic_swamp,
          evilmike_swamp_ruin_rubble_1, uniq_aizul, uniq_frances
Swamp:2:  layout_basic_swamp, serial_swamp_ruin, evilmike_swamp_ruin_house_4,
          evilmike_swamp_ruin_rubble_2, uniq_nikola, uniq_louise
Swamp:3:  gammafunk_worm_tunnel, layout_falls_marsh, infiniplex_staircase_pool,
          swamp_pool4, nicolae_swamp_godswood, uniq_bai_suzhen
Snake:1:  layout_misc_corridors, serial_shops, shop_statue, drop_trap,
          nrook_loot_triangle
Orc:1:    layout_caves, special_room [special_room_orc],
          nicolae_orc_sculptors_studio
Orc:2:    kennysheep_orc_mage_school, layout_caves, gauntlet_entry_generic,
          nicolae_orc_flooded_monolith
Elf:1:    layout_loops_corners, serial_shops, bzr_entry_islet,
          ebering_ghost_inner_flame, minmay_elf_sorcery, uniq_agnes
Elf:2:    layout_geoelf_octagon
Elf:3:    grunt_elf_hall_spiral, layout_geoelf_grid, serial_shops,
          nicolae_shop_statue_plus

Skill      XL: |  1  2  3  4  5  6  7  8  9 10 11 12 13 14 15 16 17 |
---------------+----------------------------------------------------+-----
Fighting       | 4 5 6 7 8 9 10 12 13 14 | 14.6
Armour         | 4 5 6 7 8 9 10 11 13 15 | 15.3
Long Blades    | 3 4 5 7 8 9 11 12 13 14 15 16 17 | 17.1
Shields        | 4 5 6 8 9 11 14 15 17 18 20 21 22 | 22.1
Dodging        | 1 2 4 5 6 |  6.5
Invocations    | 1 2 3 |  3.6
Stealth        | 1 2 |  2.0
Maces & Flails | 3 |  3.3
Evocations     | 1 |  1.9
Axes           | 1 3 |  3.4

Action                   |  1- 3 |  4- 6 |  7- 9 | 10-12 | 13-15 | 16-18 || total
-------------------------+-------+-------+-------+-------+-------+-------++-------
Melee: Long sword        |    75 |    84 |       |       |   151 |    84 ||   394
       Headbutt          |    10 |    22 |   127 |   222 |   540 |   220 ||  1141
       Falchion          |       |    93 |   452 |   815 |  1321 |   568 ||  3249
       Whip              |       |       |       |    22 |       |       ||    22
       Hand axe          |       |       |       |       |    13 |    15 ||    28
Invok: Heroism           |       |       |     3 |     9 |    19 |    12 ||    43
       Finesse           |       |       |       |       |     1 |       ||     1
Evoke: Wand              |       |       |       |    16 |     7 |       ||    23
  Use: Potion            |     5 |     1 |     2 |     1 |     3 |    13 ||    25
       Scroll            |       |       |     8 |    12 |     9 |    13 ||    42
  Eat: Chunk             |       |     6 |    12 |    30 |    29 |    15 ||    92
       Ration            |       |       |       |       |     5 |     2 ||     7
Armor: Scale mail        |    34 |    50 |   140 |    11 |       |       ||   235
       Plate armour      |       |       |       |   240 |   414 |   152 ||   806
       Storm dragon scal |       |       |       |       |       |     3 ||     3
Dodge: Dodged            |    14 |    35 |   105 |   195 |   344 |   133 ||   826
Block: Kite shield       |    43 |   145 |   324 |   759 |  1340 |   528 ||  3139
       Reflection        |     1 |     6 |    18 |    22 |    54 |   102 ||   203
       Rpst.: Long sword |     2 |     6 |       |       |    11 |     1 ||    20
       Falchion          |       |     6 |    33 |    38 |    48 |    16 ||   141
